 Dungeon Crawl Stone Soup version 0.30-a0-1114-gd936c97349 (webtiles) character file.

Game seed: 9350567430776367069

428 Pooter the Protected (level 6, -1/47 HPs)
             Began as a Gnoll Wanderer on Apr 21, 2023.
             Slain by an iguana (7 damage)
             ... on level 5 of the Dungeon.
             The game lasted 00:19:26 (3998 turns).

Pooter the Protected (Gnoll Wanderer)               Turns: 3998, Time: 00:19:27

Health: -1/47      AC: 13    Str: 13    XL:     6   Next: 98%
Magic:  9/9        EV:  8    Int: 10    God:
Gold:   173        SH:  5    Dex: 15    Spells: 9/9 levels left

rFire   . . .      SeeInvis .    v - +2 falchion (heavy)
rCold   . . .      Faith    .    c - +0 buckler
rNeg    . . .      Spirit   .    b - +0 chain mail
rPois   .          Reflect  .    (no helmet)
rElec   .          Rampage  +    C - +1 cloak of the Stars {Rampage Will+ Dex+2}
rCorr   .                        (no gloves)
Will    ++...                    (no boots) Stlth
                                 (no amulet)
HPRegen 0.27/turn                k - ring of willpower
MPRegen 0.11/turn                (no ring)

@: no status effects
A: fangs 1, strong nose, distributed training
a: no special abilities


You were on level 5 of the Dungeon.
You visited 1 branch of the dungeon, and saw 5 of its levels.

You collected 173 gold pieces.

Inventory:

Hand Weapons
 a - a +0 war axe
   (You found it on level 2 of the Dungeon)
 p - a +0 mace
 s - a +0 trident
   (You found it on level 2 of the Dungeon)
 v - a +2 heavy falchion (weapon)
   (You found it on level 3 of the Dungeon)
Missiles
 n - 9 poisoned darts (quivered)
 Q - 35 stones
Armour
 b - a +0 chain mail (worn)
 c - a +0 buckler (worn)
 C - the +1 cloak of the Stars (worn) {Rampage Will+ Dex+2}
   (You found it on level 3 of the Dungeon)

   Dex:       It affects your dexterity (+2).
   Rampage:   It bestows one free step when moving towards enemies.
   Will:      It increases your willpower.
Jewellery
 k - a ring of willpower (left hand)
   (You found it on level 1 of the Dungeon)
 W - a ring of wizardry
   (You found it on level 3 of the Dungeon)
Wands
 u - a wand of paralysis (6)
   (You found it on level 5 of the Dungeon)
 x - a wand of acid (4)
   (You took it off Ijyb on level 3 of the Dungeon)
Scrolls
 d - a scroll of fog
 h - 3 scrolls of immolation {!r}
 i - a scroll of noise {unknown}
 l - a scroll of enchant weapon
 t - 3 scrolls of teleportation {@r4}
 A - a scroll of poison {unknown}
 B - a scroll of fear {unknown}
 D - a scroll of amnesia {unknown}
 F - 2 scrolls of blinking {unknown}
 G - a scroll of magic mapping {unknown}
Potions
 e - 2 potions of ambrosia
 f - 2 potions of lignification {unknown}
 g - 3 potions of curing {@q1}
 j - a potion of berserk rage {unknown}
 m - a potion of resistance {unknown}
 o - a potion of flight {unknown}
 q - a potion of brilliance {unknown}
 r - a potion of might {unknown}
 w - a potion of invisibility {unknown}
 y - a potion of experience {unknown}
 z - a potion of cancellation {unknown}
 E - 2 potions of mutation {unknown}


   Skills:
 + Level 3.4 Fighting
 + Level 2.2 Short Blades
 + Level 2.2 Long Blades
 + Level 2.2 Axes
 + Level 5.1 Maces & Flails
 + Level 2.2 Polearms
 + Level 2.2 Staves
 + Level 2.2 Ranged Weapons
 + Level 2.2 Throwing
 + Level 8.8 Armour
 + Level 3.4 Dodging
 + Level 2.2 Stealth
 + Level 3.4 Shields
 + Level 2.2 Unarmed Combat
 + Level 2.2 Spellcasting
 + Level 1.8 Conjurations
 + Level 1.8 Hexes
 + Level 1.8 Summonings
 + Level 1.8 Necromancy
 + Level 1.8 Translocations
 + Level 1.8 Transmutations
 + Level 1.8 Fire Magic
 + Level 1.8 Ice Magic
 + Level 1.8 Air Magic
 + Level 1.8 Earth Magic
 + Level 1.8 Poison Magic
 + Level 2.5 Invocations
 + Level 3.4 Evocations


You had 9 spell levels left.
You didn't know any spells.
Your spell library contained the following spells:

 Spells                   Type           Power      Damage    Failure   Level
 Sublimation of Blood     Necr           4%         N/A       98%         2
 Wereblood                Tmut           4%         N/A       98%         2
 Summon Hydra             Summ           2%         N/A       100%        7


Dungeon Overview and Level Annotations

Branches:
Dungeon (5/15)
 Temple: D:4-7

Altars:
Dithmenos
Elyvilon
Gozag
Hepliaklqana
Nemelex Xobeh
Uskayaw
Vehumet
Wu Jian
Xom
The Shining One


Innate Abilities, Weirdness & Mutations

You have very sharp teeth.
Your uncanny sense of smell can sniff out nearby items.
Your experience applies equally to all skills.


Message History

Found a club.
An iguana comes into view.
An orc comes into view. It is wielding a +0 short sword.
The iguana hisses angrily.
The orc shouts!
You rampage towards the orc! 2 orcs come into view.
The orc shouts!
An orc comes into view. It is wielding a +2 heavy morningstar.
You rampage towards the iguana!
Found a scroll of teleportation.
The orc shouts!
You hit the iguana. Your bite misses the iguana. The iguana barely misses you.
The orc hits you with a +0 short sword.
The iguana bites you but does no damage.
You completely miss the orc. You bite the orc, but do no damage.
The orc barely misses you.
You hit the orc. You bite the orc.
You kill the orc!
The orc hits you but does no damage.
You hit the orc. The orc hits you with a +0 short sword.
The orc barely misses you.
You slash the orc!
You kill the orc!
The orc hits you but does no damage.
You barely miss the orc. You block the orc's attack.
You slash the orc!
You kill the orc!
The orc hits you with a +2 heavy morningstar!
You hit the orc. The orc barely misses you.
You hit the orc.
The orc hits you with a +2 heavy morningstar!
You are too injured to fight recklessly!
You are too injured to fight recklessly!
You are too injured to fight recklessly!
You barely miss the orc. The orc barely misses you.
The orc hits you with a +2 heavy morningstar!
* * * LOW HITPOINT WARNING * * *
You hit the orc.
You kill the orc!
You barely miss the iguana. The iguana bites you.
* * * LOW HITPOINT WARNING * * *
The iguana bites you.
* * * LOW HITPOINT WARNING * * *
You hit the iguana. The iguana completely misses you.
The iguana closely misses you.
Unknown command.
You slash the iguana! Your bite misses the iguana. The iguana bites you.
* * * LOW HITPOINT WARNING * * *
You block the iguana's attack.
You slash the iguana! The iguana bites you!
You die...

#.≈.≈≈≈≈≈.≈
###.≈.....§.≈
#...≈≈≈≈≈≈≈≈≈
#.#..........
##.#####.##.##
#.....# .# ...
#..##).... .#
#..#####.##
#..l@....#
#.########
#o......?#
#...###..#
..o.. ##.....
#..#.## #..#.#
#.....


You could see an iguana.

Vanquished Creatures
  A phantom (D:5)
  A scorpion (D:4)
  A hound (D:4)
  An iguana (D:5)
  Ijyb (D:3)
  Terence (D:3)
  An orc wizard (D:3)
  3 adders
  3 shadow imps (D:4)
  2 white imps (D:4)
  A worm (D:3)
  A dart slug (D:3)
  11 orcs
  7 endoplasms
  2 giant cockroaches
  6 goblins
  10 hobgoblins
  8 jackals
  5 quokkas
  6 ball pythons
  4 bats
  A frilled lizard (D:3)
  5 kobolds
  6 rats
88 creatures vanquished.

Vanquished Creatures (others)
  A demonic plant (D:4)
1 creature vanquished.

Grand Total: 89 creatures vanquished

Notes
Turn   | Place    | Note
-------+----------+-------------------------------------------
     0 | D:1      | Pooter the Gnoll Wanderer began the quest for the Orb.
     0 | D:1      | Pooter set off with the following items: a +0 mace, a +0
                  | chain mail, a +0 buckler, a scroll of fog.
     0 | D:1      | Reached XP level 1. HP: 17/17 MP: 1/1
   124 | D:1      | Reached XP level 2. HP: 16/23 MP: 2/2
   781 | D:1      | Reached XP level 3. HP: 28/28 MP: 3/3
   811 | D:2      | Reached skill level 1 in Invocations
  1192 | D:2      | Reached skill level 1 in Short Blades
  1192 | D:2      | Reached skill level 1 in Long Blades
  1192 | D:2      | Reached skill level 1 in Axes
  1192 | D:2      | Reached skill level 1 in Polearms
  1192 | D:2      | Reached skill level 1 in Staves
  1192 | D:2      | Reached skill level 1 in Ranged Weapons
  1192 | D:2      | Reached skill level 1 in Throwing
  1192 | D:2      | Reached skill level 1 in Stealth
  1192 | D:2      | Reached skill level 1 in Unarmed Combat
  1192 | D:2      | Reached skill level 1 in Spellcasting
  1472 | D:3      | Reached XP level 4. HP: 33/34 MP: 5/5
  1521 | D:3      | Found a radiant altar of Vehumet.
  1568 | D:3      | Noticed Ijyb
  1809 | D:3      | Noticed Terence
  1814 | D:3      | Killed Terence
  1815 | D:3      | Reached skill level 1 in Conjurations
  1815 | D:3      | Reached skill level 1 in Hexes
  1815 | D:3      | Reached skill level 1 in Summonings
  1815 | D:3      | Reached skill level 1 in Necromancy
  1815 | D:3      | Reached skill level 1 in Translocations
  1815 | D:3      | Reached skill level 1 in Transmutations
  1815 | D:3      | Reached skill level 1 in Fire Magic
  1815 | D:3      | Reached skill level 1 in Ice Magic
  1815 | D:3      | Reached skill level 1 in Air Magic
  1815 | D:3      | Reached skill level 1 in Earth Magic
  1815 | D:3      | Reached skill level 1 in Poison Magic
  1882 | D:3      | Found a faded altar of an unknown god.
  1902 | D:3      | Found a hide-covered altar of Uskayaw.
  2340 | D:3      | Killed Ijyb
  2341 | D:3      | Reached XP level 5. HP: 11/40 MP: 5/7
  2468 | D:3      | Identified the +1 cloak of the Stars {Rampage Will+ Dex+2}
  3008 | D:4      | Found a glowing golden altar of the Shining One.
  3023 | D:4      | Found a shadowy altar of Dithmenos.
  3249 | D:4      | Found a hazy altar of Hepliaklqana.
  3251 | D:4      | Found a white marble altar of Elyvilon.
  3251 | D:4      | Found a hide-covered altar of Uskayaw.
  3253 | D:4      | Found an ornate altar of the Wu Jian Council.
  3253 | D:4      | Found a shimmering altar of Xom.
  3253 | D:4      | Found a sparkling altar of Nemelex Xobeh.
  3257 | D:4      | Reached XP level 6. HP: 47/47 MP: 8/8
  3524 | D:4      | Reached skill level 5 in Maces & Flails
  3631 | D:4      | Found a hazy altar of Hepliaklqana.
  3815 | D:5      | Entered Level 5 of the Dungeon
  3907 | D:5      | Found an opulent altar of Gozag.
  3998 | D:5      | Slain by an iguana

Illustrated notes

Levels and vault maps discovered:
D:1:      dpeg_arrival_round_b, layout_loops_ring, st_stairs_11
D:2:      layout_basic, eino_tiny_chamber, skrybe_limestone_x
D:3:      layout_loops_ring, nicolae_vehumet_altar_sigil, lemuel_doored_altar,
          dreamdust_ecumenical_altar_angels_and_demons, st_stairs_4,
          minmay_checkerbox, uniq_ijyb, uniq_terence
D:4:      layout_basic, doesnt_xom_only_xom, kennysheep_mini_moat,
          mainiacjoe_overflow_alcove_2, lemuel_coloured_pillars_altar,
          serial_demonic, serial_demonic_a, serial_demonic_e, serial_demonic_a,
          serial_demonic_e
D:5:      layout_loops_cross, mainiacjoe_overflow_concentric_impassable,
          nicolae_sif_muna_little_library, kennysheep_generic_room_6,
          uniq_blork_the_orc, uniq_crazy_yiuf_cottage

Skill      XL: |  1  2  3  4  5  6 |
---------------+-------------------+-----
Invocations    | 1 2 |  2.5
Short Blades   | 1 2 |  2.2
Long Blades    | 1 2 |  2.2
Axes           | 1 2 |  2.2
Polearms       | 1 2 |  2.2
Staves         | 1 2 |  2.2
Ranged Weapons | 1 2 |  2.2
Throwing       | 1 2 |  2.2
Stealth        | 1 2 |  2.2
Unarmed Combat | 1 2 |  2.2
Spellcasting   | 1 2 |  2.2
Conjurations   | 1 |  1.8
Hexes          | 1 |  1.8
Summonings     | 1 |  1.8
Necromancy     | 1 |  1.8
Translocations | 1 |  1.8
Transmutations | 1 |  1.8
Fire Magic     | 1 |  1.8
Ice Magic      | 1 |  1.8
Air Magic      | 1 |  1.8
Earth Magic    | 1 |  1.8
Poison Magic   | 1 |  1.8
Fighting       | 3 |  3.4
Dodging        | 3 |  3.4
Shields        | 3 |  3.4
Evocations     | 3 |  3.4
Maces & Flails | 5 |  5.1
Armour         | |  8.8

Action                     |  1- 3 |  4- 6 || total
---------------------------+-------+-------++-------
  Melee: Mace              |   106 |       ||   106
         Bite              |     6 |    18 ||    24
         War axe           |    13 |    24 ||    37
         Falchion          |       |   116 ||   116
  Throw: Dart              |     2 |     4 ||     6
         Stone             |       |     1 ||     1
    Use: Scroll            |     4 |     1 ||     5
 Armour: Chain mail        |    87 |   113 ||   200
  Dodge: Dodged            |    40 |    65 ||   105
  Block: Buckler           |    22 |    45 ||    67

Table legend: (Time is in decaauts)
 A = Elapsed time spent in this place.
 B = Non-inter-level travel time spent in this place.
 C = Inter-level travel time spent in this place.
 D = Time resting spent in this place.
 E = Time spent auto-exploring this place.
 F = Levels seen in this place.
 G = Mean time per level.
                   A        B        C        D        E       F      G
               +--------+--------+--------+--------+--------+-----+--------+
         Total |   4138 |   3977 |    161 |    670 |   2527 |   5 |  827.6 |
       Dungeon |   4138 |   3977 |    161 |    670 |   2527 |   5 |  827.6 |
               +--------+--------+--------+--------+--------+-----+--------+

Top non-repeatable levels by time:
     D:3: 1243 daAuts
     D:4: 1178 daAuts
     D:1: 803 daAuts
     D:2: 705 daAuts
     D:5: 207 daAuts
